 Dungeon Sprint DCSS version bcrawl-1.23.1-30-gcf7fa35852 (webtiles) character file.

Game seed: 10782653943418540731

1976 funkygono the Blocker (level 9, -2/78 HPs)
             Began as a Formicid Fighter on May 30, 2020.
             Was an Elder of Okawaru.
             Slain by a yellow draconian
             ... wielding a +0 long sword
              (7 damage)
             ... in the Dungeon (Sprint V: "Ziggurat Sprint").
             The game lasted 00:16:42 (769 turns).

funkygono the Blocker (Formicid Fighter)             Turns: 769, Time: 00:16:42

Health: -2/78      AC: 27    Str: 36    XL:     9   Next: 43%
Magic:  9/11       EV:  3    Int:  8    God:    Okawaru [****..]
Gold:   0          SH: 32    Dex: 10    Spells: 8/8 levels left

rFire    . . .     SeeInvis +   x - +10 dark maul {crush}
rCold    . . .     Gourm    .   z - +18 shield of the Gong {rElec rN+ MR+ EV-5}
rNeg     + . .     Faith    .   y - +15 Maxwell's patent armour {-Cast -Tele rElec MR+ rCorr}
rPois    .         Spirit   .   (helmet unavailable)
rElec    +         Reflect  .   (no cloak)
rCorr    +         Harm     .   (no gloves)
MR       ++...     NoCast   +   (no boots)
Stlth    ..........             (no amulet)
HPRegen  0.23/turn              Q - +6 ring of strength
MPRegen  0.12/turn              R - +6 ring of strength

@: corroded, studying Short Blades
A: permanent stasis, dig shafts and tunnels, four strong arms, antennae 3
a: Dig, Heroism, Renounce Religion


You were in the Dungeon.
You worshipped Okawaru.
Okawaru was greatly pleased with you.
You were not hungry.

You visited 1 branch

Inventory:

Hand Weapons
 a - a +5 fustibalus
 v - a +5 demon whip
 x - the +10 dark maul (weapon) {crush}
   (You found it in the Dungeon)

   It inflicts extra damage upon your enemies.
 B - the +7 great mace "Firestarter" {inner flame, rF++}
   (You found it in the Dungeon)

   It has been specially enchanted to burn those struck by it, causing extra
   injury to most foes and up to half again as much damage against particularly
   susceptible opponents.
   It greatly protects you from fire.
 C - the +6 shillelagh "Devastator" {shatter}
   (You found it in the Dungeon)
Missiles
 c - 994 sling bullets
Armour
 h - the cursed +0 chain mail "Lakayr" {rPois Str+3 Int+6 Dex+2}
   (You found it in the Dungeon)

   It affects your strength (+3).
   It affects your intelligence (+6).
   It affects your dexterity (+2).
   It protects you from poison.
   It has a curse placed upon it.
 w - a +5 crystal plate armour
 y - the +15 Maxwell's patent armour (worn) {-Cast -Tele rElec MR+ rCorr}
   (You found it in the Dungeon)

   It insulates you from electricity.
   It affects your resistance to hostile enchantments.
   It prevents spellcasting.
   It prevents most forms of teleportation.
   It provides partial protection from all sources of acid and corrosion.
 z - the +18 shield of the Gong (worn) {rElec rN+ MR+ EV-5}
   (You found it in the Dungeon)

   It affects your evasion (-5).
   It insulates you from electricity.
   It protects you from negative energy.
   It affects your resistance to hostile enchantments.
Jewellery
 j - an uncursed ring of fire
 A - an uncursed ring of positive energy
 D - the ring "Fuebeoc" {Wiz rElec rF+}
   (You found it in the Dungeon)

   [ring of wizardry]

   It improves your spell success rate.
   It protects you from fire.
   It insulates you from electricity.
 E - an uncursed ring of protection from fire
 G - the ring of the Griffon {Wiz MR+}
   (You found it in the Dungeon)

   [ring of wizardry]

   It improves your spell success rate.
   It affects your resistance to hostile enchantments.
 N - a +6 ring of dexterity
 Q - a +6 ring of strength (left hand)
 R - a +6 ring of strength (right hand)
Wands
 S - a wand of disintegration (6)
 T - a wand of iceblast (6)
 U - a wand of acid (6)
Scrolls
 q - 4 scrolls of amnesia
 r - 7 scrolls of fog
 s - 5 scrolls of identify
 t - 5 scrolls of remove curse
 u - 2 scrolls of fear
Potions
 d - 6 potions of might
 f - 10 potions of curing
 g - 14 potions of heal wounds
 i - 7 potions of magic
 l - 2 potions of brilliance
 m - 2 potions of invisibility
 n - 4 potions of resistance
 p - 5 potions of agility
Books
 F - a manual of Short Blades
Miscellaneous
 k - a sack of spiders
 o - a fan of gales (2/2)
 L - a lightning rod (4/4)
Comestibles
 b - 7 chunks of flesh
 e - 7 rations {!d}


   Skills:
 + Level 9.9 Fighting
 + Level 11.4 Maces & Flails
 + Level 4.8 Slings
 + Level 10.3 Armour
 + Level 3.2 Dodging
 + Level 1.4 Stealth
 + Level 11.8 Shields
 + Level 2.7 Evocations


You had 8 spell levels left.
You didn't know any spells.
Your spell library contained the following spells:

 Spells                   Type           Power        Failure   Level  Hunger
 Shock                    Conj/Air       #....        99%         1    ##.....
 Inner Flame              Hex/Fire       N/A          100%        3    ####...
 Silence                  Hex/Air        #.........   100%        5    ######.
 Summon Lightning Spire   Summ/Air       #.......     100%        5    ######.
 Deflect Missiles         Chrm/Air       #.........   100%        6    #######


Dungeon Overview and Level Annotations

Branches:
Dungeon (1/1)

Altars:
Ashenzari
Cheibriados
Dithmenos
Elyvilon
Fedhas
Gozag
Hepliaklqana
Kikubaaqudgha
Lugonu
Makhleb
Nemelex Xobeh
Okawaru
Qazlal
Ru
Sif Muna
Trog
Uskayaw
Vehumet
Wu Jian
Xom
Yredelemnul
Zin
The Shining One
Beogh
Jiyva


Innate Abilities, Weirdness & Mutations

You cannot be hasted, slowed, berserked, paralysed or teleported.
You can dig through walls and to a lower floor.
Your four strong arms can wield two-handed weapons with a shield.
You have a pair of large antennae on your head. (SInv)


Message History

You kill the draconian!
Okawaru is honoured by your kill. Something appears at your feet!
Okawaru grants you ammunition!
Your Maces & Flails skill increases to level 11!
The draconian hits you.
* * * LOW HITPOINT WARNING * * *
The yellow draconian hits you but does no damage.
The yellow draconian throws acid at you.
You block the glob of acid.
GONNNNG!
You block the draconian's attack.
BOUMMMMG!
The yellow draconian hits you from afar with a +0 glaive!
* * * LOW HITPOINT WARNING * * *
The yellow draconian hits you but does no damage.
You block the draconian's attack.
BOUMMMMG!
The yellow draconian hits you with a +0 long sword!
You die...

▓..[....▓
▓..[[:..▓
▓.......▓
▓.......▓
▓.......▓
...d...
▓.▓d)d▓.▓
▓..!@†..▓
▓▓▓▓▓▓▓▓▓


{{{{{ {{{{ You could see 2 draconians and a draconian.

Vanquished Creatures
  3 draconians (D)
  A yak (D)
  2 orc warriors (D)
  An eye of draining (D)
  2 bullfrogs (D)
  2 jellies (D)
  2 orc priests (D)
  2 orc wizards (D)
  An iguana (D)
  An adder (D)
  A river rat (D)
  2 oozes (D)
  3 orcs (D)
  3 ball pythons (D)
  A jackal (D)
27 creatures vanquished.

Vanquished Creatures (others)
  2 spatial maelstroms (D)
2 creatures vanquished.

Grand Total: 29 creatures vanquished

Notes
Turn   | Place    | Note
-------+----------+-------------------------------------------
     0 | D        | funkygono the Formicid Fighter began the quest for the Orb.
     0 | D        | Reached XP level 1. HP: 18/18 MP: 1/1
     0 | D        | Found a shimmering blue altar of Sif Muna.
     0 | D        | Found a sacrificial altar of Ru.
     0 | D        | Found a bloodstained altar of Trog.
     0 | D        | Found a stormy altar of Qazlal.
     0 | D        | Found an iron altar of Okawaru.
     0 | D        | Found a sparkling altar of Nemelex Xobeh.
     0 | D        | Found a blossoming altar of Fedhas.
     1 | D        | Found the +6 Majin-Bo {vamp, *Drain Str+12 Int+24}
     1 | D        | Found the +7 great mace "Firestarter" {inner flame, rF++}
     2 | D        | Found a transporter.
     2 | D        | Found an ancient bone altar of Kikubaaqudgha.
     2 | D        | Found a viscous altar of Jiyva.
     2 | D        | Found a corrupted altar of Lugonu.
     2 | D        | Found a hazy altar of Hepliaklqana.
     2 | D        | Found a burning altar of Makhleb.
     2 | D        | Found an opulent altar of Gozag.
     3 | D        | Banished a spatial maelstrom
     8 | D        | Banished a spatial maelstrom
    11 | D        | Found the +9 heavy crossbow "Sniper" {velocity, Acc+∞ SInv}
    11 | D        | Found the +10 dark maul {crush}
    11 | D        | Found the +15 Maxwell's patent armour {-Cast -Tele rElec
                  | MR+ rCorr}
    11 | D        | Found the +18 shield of the Gong {rElec rN+ MR+ EV-5}
    11 | D        | Found the cursed +14 obsidian axe {chop, +Fly SInv *Curse}
    13 | D        | Found the +6 shillelagh "Devastator" {shatter}
    13 | D        | Found the +11 plutonium sword {*Contam Stlth-}
    13 | D        | Found the +8 lance "Wyrmbane" {slay drac, rPois rF+ rC+
                  | AC+3}
    13 | D        | Found the +9 sword of Zonguldrok {reap}
    13 | D        | Found the cursed +13 scythe of Curses {drain, *Curse}
    13 | D        | Found the +0 sword of Power
    13 | D        | Found the +7 mace of Variability {chain chaos}
    13 | D        | Found the +7 Singing Sword {slice}
    13 | D        | Found the +7 longbow "Piercer" {penet, EV-2}
   236 | D        | Became a worshipper of Warmaster Okawaru
   259 | D        | Reached skill level 5 in Shields
   259 | D        | Reached XP level 2. HP: 26/26 MP: 2/2
   419 | D        | Entered arena 2.
   419 | D        | Noticed a bullfrog
   419 | D        | Noticed a yak
   419 | D        | Found a transporter.
   421 | D        | Killed a bullfrog
   421 | D        | Reached * piety under Okawaru
   421 | D        | Reached skill level 5 in Fighting
   421 | D        | Reached skill level 5 in Armour
   421 | D        | Reached XP level 3. HP: 34/34 MP: 3/3
   421 | D        | Reached XP level 4. HP: 40/40 MP: 4/4
   423 | D        | Killed a yak
   423 | D        | Reached ** piety under Okawaru
   423 | D        | Reached skill level 5 in Maces & Flails
   423 | D        | Reached skill level 1 in Stealth
   423 | D        | Reached XP level 5. HP: 48/48 MP: 5/5
   423 | D        | Reached XP level 6. HP: 55/55 MP: 6/6
   436 | D        | Entered arena 3.
   436 | D        | Found a transporter.
   448 | D        | Entered arena 4.
   448 | D        | Found a transporter.
   468 | D        | Got the +7 arbalest of Sequestration {venom, *Contam rPois
                  | MR- Str+9}
   484 | D        | Entered arena 5.
   484 | D        | Found a transporter.
   492 | D        | Reached XP level 7. HP: 37/62 MP: 7/7
   507 | D        | Got the cursed +0 chain mail "Lakayr" {rPois Str+3 Int+6
                  | Dex+2}
   511 | D        | Got the +5 quarterstaff "Qirut" {drain, +Fly Str+3 Int-4}
   518 | D        | Entered arena 6.
   518 | D        | Found a transporter.
   532 | D        | Got the ring "Romem" {Ice Str-4 Int-4 SInv Stlth+}
   661 | D        | Entered arena 7.
   663 | D        | Reached skill level 10 in Shields
   668 | D        | Reached *** piety under Okawaru
   668 | D        | Reached XP level 8. HP: 58/70 MP: 8/8
   671 | D        | Found a transporter.
   686 | D        | Got the Tome of the Flamy Birds
   688 | D        | Got the ring "Fuebeoc" {Wiz rElec rF+}
   690 | D        | Got the ring of the Griffon {Wiz MR+}
   758 | D        | Entered arena 8.
   758 | D        | Noticed a yellow draconian
   758 | D        | Noticed a draconian
   758 | D        | Noticed a yellow draconian
   758 | D        | Noticed a draconian
   758 | D        | Noticed a draconian
   758 | D        | Noticed a draconian
   764 | D        | Killed a draconian
   764 | D        | Reached skill level 1 in Evocations
   767 | D        | Killed a draconian
   767 | D        | Reached **** piety under Okawaru
   767 | D        | Reached skill level 10 in Maces & Flails
   767 | D        | Reached skill level 10 in Armour
   767 | D        | Reached XP level 9. HP: 36/78 MP: 8/10
   769 | D        | Killed a draconian
   769 | D        | Received a gift from Okawaru
   769 | D        | Slain by a yellow draconian

Skill      XL: |  1  2  3  4  5  6  7  8  9 |
---------------+----------------------------+-----
Fighting       | 4 5 7 8 9 |  9.9
Maces & Flails | 3 4 5 6 8 10 11 | 11.4
Slings         | 3 4 |  4.8
Armour         | 4 5 7 8 9 10 | 10.3
Dodging        | 2 3 |  3.2
Shields        | 5 6 8 9 10 11 | 11.8
Stealth        | 1 |  1.4
Evocations     | 2 |  2.7

Action                   |  1- 3 |  4- 6 |  7- 9 || total
-------------------------+-------+-------+-------++-------
Melee: Maul              |     1 |    17 |    17 ||    35
 Fire: Fustibalus        |       |     2 |     4 ||     6
Evoke: Wand              |       |       |     3 ||     3
       Fan of gales      |       |       |     1 ||     1
       Sack of spiders   |       |       |     1 ||     1
  Use: Potion            |     1 |       |       ||     1
Armor: Plate armour      |       |    28 |    28 ||    56
Dodge: Dodged            |       |     5 |     1 ||     6
Block: Medium shield     |       |    50 |    33 ||    83
